AoeStats
← Bandolero

Arabia

509919654Analyzed
1v1 RM · 2d ago on Sep 28, 2026· 28m 28s· 2 players
Game mode
Random Map
Map size
Tiny (2 player)
Population
200
Speed
Normal
Resources
Standard
Victory
Conquest
Starting age
Dark Age
Ending age
Imperial Age
RankedLock teamsTeams togetherTeam positionsShared explorationLock speedFull tech treeHidden civsTurbo modeCheats
Victory
Defeat
🇺🇸 Saxons · United States
1399
+16
🇦🇷 Maya · Argentina
1389
-16
Bandolero
0:26 Loom
8:56 Feudal Age
10:47 Double-Bit Axe
14:17 Fletching
15:04 Scale Mail Armor
21:43 Forging
27:02 Castle Age
25:59 Padded Archer Armor
25:57 Gold Mining
27:32 Crossbowman
Pawg Hunter
5:49 Loom
8:40 Feudal Age
9:12 Man-at-Arms
16:14 Fletching
18:05 Arson
23:44 Castle Age
21:44 Double-Bit Axe
21:41 Horse Collar
23:28 Scale Mail Armor
23:56 Forging
24:46 Chain Mail Armor
24:17 Gambesons
24:58 Elite Skirmisher
25:48 Squires
28:00 Bodkin Arrow
Connection lost

Rejoining the realm…

Still unreachable

The connection could not be restored.

Session expired

The server has moved on; the page needs a fresh start.